 Dungeon Crawl Stone Soup version 0.21-a0-404-g291f19a (webtiles) character file.

12005 Ijustatesigmund the Cleaver (level 11, -10/102 HPs)
             Began as a Hill Orc Fighter on Oct 27, 2017.
             Was an Elder of Cheibriados.
             Mangled by a phantasmal warrior (23 damage)
             ... led by a death knight
             ... on level 12 of the Dungeon.
             The game lasted 00:26:09 (12093 turns).

Ijustatesigmund the Cleaver (Hill Orc Fighter)     Turns: 12093, Time: 00:26:10

Health: -10/102    AC: 26    Str: 29    XL:     11   Next: 86%
Magic:  18/21      EV: 11    Int: 18    God:    Cheibriados [****..]
Gold:   580        SH: 16    Dex: 21    Spells: 10/10 levels left

rFire    . . .     SeeInvis .   a - +0 war axe
rCold    + . .     Gourm    .   c - +0 shield
rNeg     . . .     Faith    .   b - +3 plate armour
rPois    +         Spirit   .   (no helmet)
rElec    +         Reflect  +   D - +1 cloak of Starlight {rElec rC+ EV+4 Stlth--}
rCorr    .         Harm     .   w - +2 pair of gloves
MR       .....                  (no boots)
Stlth    ..........             k - +4 amulet of reflection
HPRegen  0.27/turn              l - ring of wizardry
MPRegen  0.17/turn              p - +1 ring of protection

@: lethally poisoned (-10 -> -10), vulnerable, very slightly contaminated,
invisible, very slow
A: thin metallic scales 1, high mp 1, poison resistance
a: Bend Time, Temporal Distortion, Slouch, Renounce Religion


You were on level 12 of the Dungeon.
You worshipped Cheibriados.
Cheibriados was greatly pleased with you.
You were hungry.

You visited 2 branches of the dungeon, and saw 14 of its levels.

You collected 670 gold pieces.
You spent 90 gold pieces at shops.

Inventory:

Hand Weapons
 a - a +0 war axe (weapon)
Missiles
 s - 3 throwing nets
 v - 5 javelins of returning (quivered)
 B - 2 javelins
Armour
 b - a +3 plate armour (worn)
 c - a +0 shield (worn)
 w - a +2 pair of gloves (worn)
 D - the +1 cloak of Starlight (worn) {rElec rC+ EV+4 Stlth--}
   (You found it on level 9 of the Dungeon)

   It affects your evasion (+4).
   It protects you from cold.
   It insulates you from electricity.
   It makes you much less stealthy.
Jewellery
 k - a +4 amulet of reflection (around neck)
 l - a ring of wizardry (left hand)
 p - a +1 ring of protection (right hand)
 H - a +6 amulet of reflection
Wands
 x - a wand of confusion (30/48)
 C - a wand of enslavement (0/24)
Scrolls
 d - a scroll of immolation
 e - a scroll of teleportation
 t - 4 scrolls of recharging
 y - 3 scrolls of identify
 z - 5 scrolls of remove curse
 A - 2 scrolls of amnesia
Potions
 h - 4 potions of brilliance
 n - a potion of resistance
 q - a potion of magic
 u - a potion of cancellation
 J - a potion of agility
Books
 o - a book of Misfortune

   Spells                             Type                      Level
   a - Confusing Touch                Hexes                        1
   b - Confuse                        Hexes                        3
   c - Gell's Gravitas                Translocation                3
   d - Petrify                        Transmutation/Earth          4
   e - Metabolic Englaciation         Hexes/Ice                    5
   f - Yara's Violent Unravelling     Hexes/Transmutation          5
 F - a book of Changes

   Spells                             Type                      Level
   a - Beastly Appendage              Transmutation                1
   b - Sticks to Snakes               Transmutation                2
   c - Spider Form                    Transmutation/Poison         3
   d - Ice Form                       Ice/Transmutation            4
   e - Blade Hands                    Transmutation                5
Comestibles
 f - 12 bread rations
 g - 11 meat rations
 i - 8 fruits
 m - a royal jelly


   Skills:
 - Level 11.4 Fighting
 - Level 12.6 Axes
 + Level 9.2 Armour
 + Level 1.2 Dodging
 + Level 6.7 Shields
 + Level 11.0 Invocations


You had 10 spell levels left.
You didn't know any spells.

Dungeon Overview and Level Annotations

Branches:
Dungeon (13/15)            Temple (1/1) D:7            Lair (0/6) D:8
    Orc (0/2) D:12         Vaults (0/5) D:13

Altars:
Ashenzari
Cheibriados
Dithmenos
Elyvilon
Fedhas
Gozag
Hepliaklqana
Kikubaaqudgha
Makhleb
Nemelex Xobeh
Okawaru
Qazlal
Ru
Sif Muna
Trog
Uskayaw
Vehumet
Wu Jian
Xom
Yredelemnul
Zin
The Shining One

Shops:
D:6 !

Portals:
Labyrinth: D:12

Annotations:
D:12 Kirke


Innate Abilities, Weirdness & Mutations

You are partially covered in thin metallic scales. (AC +2)
You have an increased reservoir of magic. (+10% MP)
Your system is resistant to poisons. (rPois)


Message History

Your magical defenses are stripped away!
You feel sick.
The phantasmal warrior blinks!
You block the centaur warrior zombie's attack.
The phantasmal warrior blinks!
Found 22 gold pieces.
You feel sick.
You block the centaur warrior zombie's attack.
The phantasmal warrior hits you but does no damage.
A jelly comes into view.
The jelly quivers.
You block the centaur warrior zombie's attack.
The phantasmal warrior barely misses you.
The death knight invokes the aid of Yredelemnul against the centaur warrior zombie.
The centaur warrior zombie is unaffected.
You block the freezing wraith's attack. The freezing wraith misses you.
There is a labyrinth entrance here.
Beware, the minotaur awaits!
You feel sick.
The centaur warrior zombie barely misses you.
The phantasmal warrior hits you!!
You die...

**,,,**,*,,,,,,,,,,
#.......≈≈≈,,,,,,,,
**#.......≈≈≈>,,,,,,,
*>........≈≈≈,,,,,,,, ##*
**#.........,,,,,,,,,
#.#*###.........,,,,,,,,,
*#.##...........,,,,,,*,,
*#.#........J..,,,,,***,
####...Z@....$..,,,,** **
##..#..pWW.......,,,** * *###*
#.......W..#.....,,,,** **
*,..#*##.#.≈≈≈...##*....,,,,,***,
,*,#.##.##.≈≈≈..## **...,,,,,,*,,
.,##.......≈≈≈.## **..,,,,,,,,,
.##.............#* **,,.,,,,,,,,,
.................#**,,,,,,,,,,,,,
##................#,,,,,,,,,,,,,,


You could see a death knight, 2 phantasmal warriors, a freezing wraith, a jelly
and a centaur warrior zombie.

Vanquished Creatures
  A centaur warrior (D:11)
  A two-headed ogre (D:8)
  2 unseen horrors (D:11)
  An ugly thing (D:12)
  The ghost of anet the Magician, a novice DEWz (D:6)
  3 trolls (D:11)
  A merfolk (D:9)
  3 hippogriffs
  Sigmund (D:6)
  3 yaks (D:11)
  2 vampires
  3 wraiths
  A wyvern (D:9)
  A steam dragon (D:9)
  A hungry ghost (D:7)
  Menkaure (D:6)
  2 water moccasins
  A soldier ant (D:10)
  3 ice beasts
  2 sky beasts (D:11)
  A black bear (D:9)
  5 ogres
  4 orc warriors
  4 phantoms
  2 necrophages (D:9)
  3 centaurs
  5 bullfrogs
  2 wyvern zombies (D:10)
  A wyvern skeleton (D:12)
  2 scorpions
  A water moccasin skeleton (D:5)
  7 killer bees
  A wight (D:9)
  A howler monkey (D:10)
  3 electric eels (D:10)
  7 crimson imps
  2 bullfrog zombies
  A centaur zombie (D:5)
  6 jellies
  7 orc priests
  5 hounds
  10 orc wizards
  A centaur skeleton (D:7)
  6 human zombies (D:9)
  A bullfrog skeleton (D:11)
  2 human skeletons (D:9)
  4 worker ants
  3 iguanas
  A hound skeleton (D:4)
  A hound zombie (D:5)
  A howler monkey zombie (D:9)
  3 worker ant zombies
  13 gnolls
  A howler monkey skeleton (D:4)
  A river rat (D:10)
  12 adders
  An ooze (D:2)
  An adder skeleton (D:10)
  3 worms
  3 dart slugs
  2 leopard geckos
  36 orcs
  3 ball pythons
  11 giant cockroaches
  7 goblins
  5 hobgoblins
  14 jackals
  3 kobolds
  3 quokkas
  9 bats
  4 frilled lizards
  A jackal skeleton (D:7)
  A leopard gecko skeleton (D:4)
  6 rats
  2 plants (D:10)
279 creatures vanquished.

Vanquished Creatures (others)
  A centaur (D:6)
  A killer bee (D:11)
2 creatures vanquished.

Grand Total: 281 creatures vanquished

Notes
Turn   | Place    | Note
-------+----------+-------------------------------------------
     0 | D:1      | Ijustatesigmund the Hill Orc Fighter began the quest for the Orb.
     0 | D:1      | Reached XP level 1. HP: 19/19 MP: 1/1
    37 | D:1      | Reached skill level 3 in Axes
    68 | D:1      | Reached XP level 2. HP: 27/27 MP: 2/2
   252 | D:1      | Reached skill level 4 in Axes
   340 | D:1      | Reached XP level 3. HP: 33/33 MP: 3/3
   949 | D:2      | Reached XP level 4. HP: 30/41 MP: 4/4
  1080 | D:2      | Found a glowing silver altar of Zin.
  1109 | D:2      | Reached skill level 5 in Axes
  1196 | D:2      | Found a shadowy altar of Dithmenos.
  1837 | D:3      | Reached XP level 5. HP: 31/47 MP: 5/5
  2022 | D:3      | Reached skill level 5 in Fighting
  2022 | D:3      | Reached skill level 6 in Axes
  2639 | D:4      | Noticed a phantom
  2658 | D:4      | Reached XP level 6. HP: 55/56 MP: 6/6
  2668 | D:4      | Killed a phantom
  2702 | D:4      | Noticed a phantom
  2744 | D:4      | Killed a phantom
  2744 | D:4      | Reached skill level 7 in Axes
  3025 | D:4      | Reached XP level 7. HP: 27/63 MP: 7/7
  3590 | D:5      | Entered Level 5 of the Dungeon
  3628 | D:5      | Found a sacrificial altar of Ru.
  3673 | D:5      | Reached skill level 5 in Armour
  3702 | D:5      | Reached skill level 8 in Axes
  4213 | D:5      | Reached XP level 8. HP: 25/73 MP: 8/8
  5143 | D:6      | Found Tuthat's Distillery.
  5147 | D:6      | Bought a potion of degeneration for 10 gold pieces
  5147 | D:6      | Bought a potion of invisibility for 80 gold pieces
  5375 | D:6      | Noticed Sigmund
  5380 | D:6      | Killed Sigmund
  5380 | D:6      | Reached skill level 9 in Axes
  5549 | D:6      | Noticed anet's ghost (novice DEWz)
  5558 | D:6      | Killed anet's ghost
  5558 | D:6      | Reached XP level 9. HP: 73/82 MP: 9/9
  5662 | D:6      | Noticed Menkaure
  5673 | D:6      | Killed Menkaure
  6115 | D:7      | Reached skill level 10 in Axes
  6683 | D:7      | Found a blossoming altar of Fedhas.
  7039 | D:7      | Found an ornate altar of the Wu Jian Council.
  7132 | D:7      | Found a shattered altar of Ashenzari.
  7151 | D:7      | Found a staircase to the Ecumenical Temple.
  7239 | Temple   | Entered the Ecumenical Temple
  7390 | D:8      | Found a white marble altar of Elyvilon.
  7443 | D:8      | Found a snail-covered altar of Cheibriados.
  7446 | D:8      | Became a worshipper of Cheibriados the Contemplative
  7452 | D:8      | Found a staircase to the Lair.
  7720 | D:8      | Noticed a two-headed ogre
  7738 | D:8      | Killed a two-headed ogre
  7738 | D:8      | Reached skill level 11 in Axes
  7738 | D:8      | Reached skill level 5 in Shields
  7738 | D:8      | Reached XP level 10. HP: 30/93 MP: 10/10
  8000 | D:8      | Found a burning altar of Makhleb.
  8000 | D:8      | Found an ancient bone altar of Kikubaaqudgha.
  8244 | D:9      | Found the +1 cloak of Starlight {rElec rC+ EV+4 Stlth--}
  8313 | D:9      | Reached skill level 10 in Fighting
  8353 | D:9      | Reached * piety under Cheibriados
  8356 | D:9      | Found a basalt altar of Yredelemnul.
  8474 | D:9      | Found Weoschuh's Food Emporium.
  8728 | D:9      | Reached ** piety under Cheibriados
  9072 | D:9      | Gained mutation: You evolve. [potion of mutation]
  9072 | D:9      | Gained mutation: You tend to lose your temper in combat. [potion of mutation]
  9072 | D:9      | Gained mutation: Armour fits poorly on your strangely shaped body. [potion of mutation]
  9072 | D:9      | Gained mutation: You have an increased reservoir of magic. (+10% MP) [potion of mutation]
  9073 | D:9      | Lost mutation: You tend to lose your temper in combat. [potion of mutation]
  9073 | D:9      | Lost mutation: Armour fits poorly on your strangely shaped body. [potion of mutation]
  9073 | D:9      | Lost mutation: You evolve. [potion of mutation]
  9073 | D:9      | Gained mutation: You are partially covered in thin metallic scales. (AC +2) [potion of mutation]
  9073 | D:9      | Gained mutation: Your system is resistant to poisons. (rPois) [potion of mutation]
  9431 | D:9      | Reached skill level 5 in Invocations
  9459 | D:10     | Entered Level 10 of the Dungeon
  9592 | D:10     | Reached *** piety under Cheibriados
  9847 | D:10     | Reached XP level 11. HP: 96/101 MP: 19/19
 10472 | D:11     | Reached **** piety under Cheibriados
 10700 | D:11     | Killed an unseen horror
 10770 | D:11     | Reached skill level 12 in Axes
 10772 | D:11     | Reached skill level 10 in Invocations
 11229 | D:11     | Killed an unseen horror
 11377 | D:11     | Noticed a centaur warrior
 11381 | D:11     | Killed a centaur warrior
 11994 | D:12     | Noticed a green ugly thing
 12003 | D:12     | Killed a green ugly thing
 12026 | D:12     | Reached skill level 1 in Dodging
 12045 | D:12     | Noticed a death knight
 12046 | D:12     | Noticed a phantasmal warrior
 12046 | D:12     | Noticed a phantasmal warrior
 12050 | D:12     | Noticed Kirke
 12056 | D:13     | Found a gate to the Vaults.
 12056 | D:13     | Noticed a vault guard
 12056 | D:13     | Noticed a vault guard
 12056 | D:13     | Noticed a vault guard
 12056 | D:13     | Noticed a vault guard
 12056 | D:13     | Noticed a vault guard
 12058 | D:13     | Noticed a vault guard
 12060 | D:13     | Noticed a vault guard
 12082 | D:12     | Found a labyrinth entrance.
 12093 | D:12     | Mangled by a phantasmal warrior

Vault maps used:
D:1:      doesnt_arrival_eight_statues, minmay_crystal_water
D:2:      nicolae_dithmenos_through_a_glass_darkly, zin_treasury, first_bread
D:5:      hangedman_ru_absence, columned_hall_lemuel
D:6:      serial_shops, shop, dk_vineyard_3, uniq_sigmund, uniq_menkaure
D:7:      marbit_many_paths, old_standard_altar,
          minmay_temple_entry_enclosed_plants, fedhas_altar_4
D:8:      kennysheep_mini_moat, grunt_temple_overflow_open
D:9:      lemuel_mausoleum_altar_yredelemnul, serial_shops, kennysheep_mini,
          hangedman_fish_farm
D:10:     chequers_big_river, pond
D:11:     minmay_misc_feat_chi, minmay_misc_feat_doors
D:12:     orc_0_dummy, lab_entry_generic, uniq_kirke
D:13:     erik_vaults_2, uniq_azrael
Temple:   hc_temple_tempest_star

Skill      XL: |  1  2  3  4  5  6  7  8  9 10 11 |
---------------+----------------------------------+-----
Axes           | 3 4 5 6 7 8 9 11 12 | 12.6
Fighting       | 4 5 6 7 8 9 10 11 | 11.4
Armour         | 4 5 6 8 9 |  9.2
Shields        | 5 6 |  6.7
Invocations    | 8 11 | 11.0
Dodging        | 1 |  1.2

Action                   |  1- 3 |  4- 6 |  7- 9 | 10-12 || total
-------------------------+-------+-------+-------+-------++-------
Melee: War axe           |   123 |   195 |   355 |   571 ||  1244
Throw: Javelin           |       |       |     3 |       ||     3
Invok: Slouch            |       |       |       |     2 ||     2
Evoke: Wand              |       |       |       |     3 ||     3
  Use: Scroll            |     5 |     3 |     6 |    10 ||    24
       Potion            |       |       |     6 |     7 ||    13
  Eat: Chunk             |       |     6 |     9 |     4 ||    19
       Fruit             |       |       |     8 |     6 ||    14
       Royal jelly       |       |       |     2 |       ||     2
Armor: Scale mail        |    76 |    39 |       |       ||   115
       Plate armour      |       |    26 |   139 |   299 ||   464
Dodge: Dodged            |    59 |    39 |    30 |   144 ||   272
Block: Shield            |    74 |   114 |   194 |   440 ||   822
       Reflection        |       |     4 |     6 |     5 ||    15

Table legend:
 A = Spawn XP
 B = Non-spawn XP
 C = Spawn XP percentage of total XP
 D = Spawn monster count
 E = Non-spawn monster count
 F = Spawn count percentage of total count
 G = Total turns spent on level
                    A         B        C        D         E        F      G
               +---------+---------+-------+---------+---------+-------+---------
         Total |       0 |   17150 |   0.0 |       0 |     278 |   0.0 | 12093
               +---------+---------+-------+---------+---------+-------+---------
           D:1 |       0 |      51 |   0.0 |       0 |      21 |   0.0 |   723
           D:2 |       0 |      70 |   0.0 |       0 |      27 |   0.0 |   661
           D:3 |       0 |     168 |   0.0 |       0 |      25 |   0.0 |  1142
           D:4 |       0 |     512 |   0.0 |       0 |      18 |   0.0 |  1064
           D:5 |       0 |     611 |   0.0 |       0 |      22 |   0.0 |  1360
           D:6 |       0 |    1141 |   0.0 |       0 |      10 |   0.0 |  1302
           D:7 |       0 |    1092 |   0.0 |       0 |      23 |   0.0 |  1027
           D:8 |       0 |    1102 |   0.0 |       0 |      11 |   0.0 |   842
           D:9 |       0 |    3083 |   0.0 |       0 |      47 |   0.0 |  1239
          D:10 |       0 |    2341 |   0.0 |       0 |      38 |   0.0 |  1021
          D:11 |       0 |    5396 |   0.0 |       0 |      25 |   0.0 |  1520
          D:12 |       0 |    1551 |   0.0 |       0 |      10 |   0.0 |    87
          D:13 |       0 |      32 |   0.0 |       0 |       1 |   0.0 |     6
               +---------+---------+-------+---------+---------+-------+---------
